 Dungeon Crawl Stone Soup version 0.19.0 (webtiles) character file.

1079 Inkary the Basher (level 8, -1/68 HPs)
             Began as a Minotaur Fighter on Nov 1, 2016.
             Was a Believer of Qazlal.
             Slain by an ogre
             ... wielding a +0 giant club
              (14 damage)
             ... on level 5 of the Dungeon.
             The game lasted 00:11:59 (3393 turns).

Inkary the Basher (Minotaur Fighter)                Turns: 3393, Time: 00:12:00

Health: -1/68      AC:  8    Str: 27    XL:     8   Next: 8%
Magic:  9/9        EV:  4    Int:  5    God:    Qazlal [**....]
Gold:   233        SH:  0    Dex: 11    Spells: 0 memorised, 7 levels left

rFire  . . .     SeeInvis +     a - +0 flail
rCold  . . .     Gourm    .     b - +0 scale mail
rNeg   . . .     Faith    .     c - +0 shield
rPois  .         Spirit   .     (helmet restricted)
rElec  .         Reflect  +     g - +0 cloak
rCorr  .         Harm     .     (no gloves)
MR     .....                    (no boots)
Stlth  ..........               k - +2 amulet of reflection
                                (no ring)
                                t - ring of see invisible

@: mighty, held, drained
A: retaliatory headbutt, horns 2
a: Upheaval, Renounce Religion


You were on level 5 of the Dungeon.
You worshipped Qazlal.
Qazlal was pleased with you.
You were hungry.

You visited 1 branch of the dungeon, and saw 5 of its levels.

You collected 233 gold pieces.

Inventory:

Hand Weapons
 a - a +0 flail (weapon)
Armour
 b - a +0 scale mail (worn)
 c - a +0 shield (worn)
 g - a +0 cloak (worn)
Jewellery
 k - a +2 amulet of reflection (around neck)
 t - a ring of see invisible (left hand)
Wands
 D - a wand of lightning (2/15)
Scrolls
 e - 2 scrolls of remove curse {unknown}
 h - a scroll of amnesia {unknown}
 i - a scroll of fog {unknown}
 m - 2 scrolls of magic mapping
 o - 2 scrolls of teleportation {unknown}
 q - 4 scrolls of identify {unknown}
 r - 2 scrolls of blinking {unknown}
 u - a scroll of fear {unknown}
 y - a scroll of enchant armour {unknown}
Potions
 l - a potion of lignification
 n - a potion of beneficial mutation {unknown}
 s - a potion of curing
 v - 2 potions of haste {unknown}
 w - a potion of agility {unknown}
 x - 2 potions of cancellation {unknown}
 z - a potion of invisibility {unknown}
 A - a potion of brilliance {unknown}
 E - a potion of ambrosia {unknown}
Comestibles
 f - 3 bread rations
 j - a beef jerky
 p - 2 meat rations
 B - 2 royal jellies
 C - 6 chunks of flesh


   Skills:
 + Level 5.2(5.1) Fighting
 * Level 9.1(9.0) Maces & Flails
 - Level 3.6(3.5) Armour
 - Level 5.8(5.7) Shields
 + Level 3.0(2.9) Invocations


You had 7 spell levels left.
You didn't know any spells.

Dungeon Overview and Level Annotations

Branches:
Dungeon (5/15)
 Temple: D:4-7

Altars:
Cheibriados
Elyvilon
Makhleb
Qazlal
Ru
Xom
Yredelemnul
Zin


Innate Abilities, Weirdness & Mutations

You reflexively headbutt those who attack you in melee.
You have a pair of horns on your head.


Message History

You feel agile.
An ogre comes into view. It is wielding a giant club.
Found 18 stones.
Found a stone staircase leading down.
A gnoll comes into view. It is wielding a spear.
You block the ogre's attack.
The gnoll throws a throwing net.
You reflect the throwing net off an invisible shield around you!
The throwing net hits the gnoll.
The gnoll is caught in the net!
The gnoll struggles against the net.
A gnoll comes into view. It is wielding a flail.
You hit the ogre.
You headbutt the ogre, but do no damage.
The ogre is lightly wounded.
The gnoll struggles against the net.
The gnoll throws a throwing net.
The throwing net hits you.
You become entangled in the net!
The ogre hits you with a giant club!!
* * * LOW HITPOINT WARNING * * *
You feel very mighty all of a sudden.
The gnoll struggles against the net.
The gnoll moves out of view.
The ogre hits you with a giant club!
You die...

...#.#
####.#####.#
..#... .###
#.# #. ..##
.. #.#
#.##.#
#.#..####
#......#
#...##.#
#.#....#
#@..##.#
#O).....#
.#.###g.# ..
.. (# .##
#.# #. .. #
.## .#


You could see an ogre and a gnoll (caught).

Vanquished Creatures
  Sigmund (D:4)
  The ghost of Shufflesack the Conjurer, an amateur DECj (D:4)
  Duvessa (D:4)
  A black bear (D:4)
  An ice beast (D:5)
  Dowan (D:4)
  5 orc priests
  Crazy Yiuf (D:4)
  Natasha (thrice) (D:3)
  An orc wizard (D:4)
  2 worker ants (D:4)
  4 adders
  A shadow imp (D:5)
  2 worms
  3 dart slugs
  4 leopard geckos
  17 orcs
  2 giant cockroaches
  8 hobgoblins
  5 jackals
  3 quokkas
  13 bats
  2 frilled lizards
  4 goblins
  9 kobolds
  A leopard gecko zombie (D:5)
  11 rats
107 creatures vanquished.

Notes
Turn   | Place    | Note
-------+----------+-------------------------------------------
     0 | D:1      | Inkary the Minotaur Fighter began the quest for the Orb.
     0 | D:1      | Reached XP level 1. HP: 19/19 MP: 0/0
   113 | D:1      | Reached skill level 3 in Maces & Flails
   113 | D:1      | Reached XP level 2. HP: 26/26 MP: 1/1
   235 | D:1      | Found a snail-covered altar of Cheibriados.
   408 | D:1      | Reached XP level 3. HP: 29/31 MP: 2/2
   506 | D:2      | Reached skill level 4 in Maces & Flails
  1073 | D:2      | Reached XP level 4. HP: 39/39 MP: 3/3
  1358 | D:3      | Found a burning altar of Makhleb.
  1361 | D:3      | Found a stormy altar of Qazlal.
  1362 | D:3      | Found a basalt altar of Yredelemnul.
  1362 | D:3      | Found a glowing silver altar of Zin.
  1375 | D:3      | Became a worshipper of Qazlal Stormbringer
  1421 | D:3      | Reached skill level 5 in Maces & Flails
  1691 | D:3      | Noticed Natasha
  1702 | D:3      | Killed Natasha
  1708 | D:3      | Reached XP level 5. HP: 43/45 MP: 4/4
  1711 | D:3      | Reached skill level 5 in Shields
  1722 | D:3      | Reached * piety under Qazlal
  1754 | D:3      | Found a shimmering altar of Xom.
  1928 | D:3      | Noticed Natasha
  1936 | D:3      | Killed Natasha
  1936 | D:3      | Reached skill level 6 in Maces & Flails
  2137 | D:3      | Noticed Natasha
  2141 | D:3      | Killed Natasha
  2199 | D:4      | Noticed Duvessa
  2199 | D:4      | Noticed Dowan
  2236 | D:4      | Killed Duvessa
  2236 | D:4      | Reached XP level 6. HP: 30/51 MP: 5/5
  2241 | D:4      | Killed Dowan
  2241 | D:4      | Reached skill level 7 in Maces & Flails
  2436 | D:4      | Noticed Shufflesack's ghost (amateur DECj)
  2455 | D:4      | Killed Shufflesack's ghost
  2455 | D:4      | Reached skill level 1 in Invocations
  2455 | D:4      | Reached XP level 7. HP: 20/59 MP: 6/6
  2462 | D:4      | Noticed Sigmund
  2749 | D:4      | Found a sacrificial altar of Ru.
  2760 | D:4      | Killed Sigmund
  2760 | D:4      | Reached skill level 8 in Maces & Flails
  3146 | D:4      | Found a runed door.
  3200 | D:4      | Noticed Crazy Yiuf
  3208 | D:4      | Killed Crazy Yiuf
  3265 | D:4      | Reached skill level 5 in Fighting
  3311 | D:4      | Found a white marble altar of Elyvilon.
  3332 | D:5      | Entered Level 5 of the Dungeon
  3389 | D:5      | Reached ** piety under Qazlal
  3389 | D:5      | Reached skill level 9 in Maces & Flails
  3389 | D:5      | Reached XP level 8. HP: 39/68 MP: 9/9
  3393 | D:5      | Slain by an ogre

Skill      XL: |  1  2  3  4  5  6  7 |
---------------+----------------------+-----
Maces & Flails | 3 4 5 6 7 9 |  9.1
Shields        | 4 5 |  5.8
Fighting       | 4 5 |  5.2
Invocations    | 1 3 |  3.0
Armour         | |  3.6

Action                   |  1- 3 |  4- 6 |  7- 9 || total
-------------------------+-------+-------+-------++-------
Melee: Flail             |   128 |   146 |    70 ||   344
       Headbutt          |    15 |    15 |    16 ||    46
  Use: Potion            |       |     3 |     1 ||     4
       Scroll            |       |     1 |       ||     1
  Eat: Chunk             |       |     5 |     3 ||     8
Armor: Scale mail        |    79 |    37 |    15 ||   131
       Skin              |       |     9 |       ||     9
Dodge: Dodged            |    39 |    31 |    16 ||    86
Block: Shield            |    70 |    92 |    51 ||   213
       Reflection        |       |     1 |     1 ||     2
